 Dungeon Crawl Stone Soup version 0.19.5 (webtiles) character file.

10095 Hybris the Impaler (level 11, -3/156 HPs)
             Began as a Minotaur Berserker on Mar 22, 2017.
             Was an Elder of Trog.
             Slain by a nine-headed hydra (13 damage)
             ... on level 11 of the Dungeon.
             The game lasted 00:46:48 (14621 turns).

Hybris the Impaler (Minotaur Berserker)            Turns: 14621, Time: 00:46:49

Health: -3/156     AC:  5    Str: 30    XL:     11   Next: 31%
Magic:  10/10      EV: 12    Int:  4    God:    Trog [****..]
Gold:   446        SH:  0    Dex: 10    Spells: 0 memorised, 10 levels left

rFire  + + .     SeeInvis .     H - +3 halberd
rCold  . . .     Gourm    +     b - +1 animal skin
rNeg   . . .     Faith    .     (shield currently unavailable)
rPois  .         Spirit   .     (helmet restricted)
rElec  +         Reflect  .     A - +0 cloak "Osibab" {rElec rF++ MR- Slay+2}
rCorr  +         Harm     .     (no gloves)
MR     .....                    (no boots)
Stlth  ..........               y - amulet of the gourmand
                                k - ring of resist corrosion
                                h - ring of stealth

@: berserking, drained, very quick
A: retaliatory headbutt, horns 2
a: Berserk, Trog's Hand, Brothers in Arms, Burn Spellbooks, Renounce Religion


You were on level 11 of the Dungeon.
You worshipped Trog.
Trog was greatly pleased with you.
You were very full.

You visited 1 branch of the dungeon, and saw 11 of its levels.

You collected 721 gold pieces.
You spent 275 gold pieces at shops.

Inventory:

Hand Weapons
 a - a +1 spear
 H - a +3 halberd (weapon)
Armour
 b - a +1 animal skin (worn)
 A - the +0 cloak "Osibab" (worn) {rElec rF++ MR- Slay+2}
   (You bought it in a shop on level 4 of the Dungeon)

   It affects your accuracy and damage with ranged weapons and melee attacks
   (+2).
   It greatly protects you from fire.
   It insulates you from electricity.
   It affects your resistance to hostile enchantments.
Jewellery
 h - a ring of stealth (left hand)
 k - a ring of resist corrosion (right hand)
 y - an amulet of the gourmand (around neck)
Wands
 D - a wand of disintegration (0/24)
 E - a wand of disintegration (13/24)
 K - a wand of polymorph (13/24)
 N - a wand of paralysis (8/24)
 O - a wand of disintegration (10/24)
 P - a wand of digging (16/24)
Scrolls
 e - a scroll of enchant weapon
 j - 13 scrolls of identify
 m - 2 scrolls of fear {unknown}
 q - 5 scrolls of teleportation
 s - 2 scrolls of fog
 w - 7 scrolls of remove curse
 F - a scroll of holy word {unknown}
 G - 2 scrolls of magic mapping
 I - 2 scrolls of blinking
 J - a scroll of vulnerability {unknown}
 L - a scroll of enchant armour
 M - a scroll of amnesia {unknown}
Potions
 d - 2 potions of cure mutation {unknown}
 f - 2 potions of ambrosia {unknown}
 i - 8 potions of curing
 n - 2 potions of agility
 p - 3 potions of resistance {unknown}
 r - 2 potions of flight {unknown}
 u - a potion of might
 v - 2 potions of mutation
 x - a potion of cancellation {unknown}
 C - a potion of brilliance {unknown}
Miscellaneous
 o - a phantom mirror
Comestibles
 c - 11 bread rations
 g - 8 fruits
 l - 5 meat rations
 t - a slice of pizza
 z - 2 beef jerkies
 B - 11 chunks of flesh


   Skills:
 + Level 11.7 Fighting
 * Level 15.8 Polearms
 - Level 7.6 Armour
 + Level 2.7 Dodging


You had 10 spell levels left.
You didn't know any spells.

Dungeon Overview and Level Annotations

Branches:
Dungeon (11/15)            Temple (0/1) D:4            Lair (0/6) D:8
    Orc: D:9-12

Altars:
Ashenzari
Cheibriados
Gozag
Ru
Trog
Yredelemnul

Shops:
D:4 [   D:8 =:!}*


Innate Abilities, Weirdness & Mutations

You reflexively headbutt those who attack you in melee.
You have a pair of horns on your head.


Message History

The seven-headed hydra barely misses you. x2
The seven-headed hydra closely misses you.
The seven-headed hydra bites you!
* * * LOW HITPOINT WARNING * * *
The seven-headed hydra barely misses you.
You slice one of the seven-headed hydra's heads off!
The six-headed hydra grows two more!
You slash the eight-headed hydra!
The eight-headed hydra is lightly wounded.
Your ogre hits the eight-headed hydra with a giant spiked club!!
You hack one of the eight-headed hydra's heads off!
The seven-headed hydra grows two more!
You slice the nine-headed hydra!! You headbutt the nine-headed hydra.
The nine-headed hydra is severely wounded.
The nine-headed hydra bites you.
* * * LOW HITPOINT WARNING * * *
The nine-headed hydra barely misses you.
The nine-headed hydra bites you!
* * * LOW HITPOINT WARNING * * *
The nine-headed hydra bites you!
You die...

........ #..........#
....#### #..........# >...#
#..........# #####
######'##### #.# #.# #O##
#.D# ##@# #####'#### #####
####........# #....
#..'......<.# #####.###
#.##........# #.....#
#####.##........#####.#####
#####.....##........'.....#
......######........#######
####### ##########


You could see a nine-headed hydra and a friendly ogre (berserk).

Vanquished Creatures
  Erica (D:7)
  2 hill giants (D:11)
  Pikel (D:6)
  An elephant (D:8)
  2 polar bears (D:10)
  Prince Ribbit (D:6)
  A hippogriff (D:8)
  A spriggan (D:10)
  4 yaks
  A wyvern (D:7)
  A water moccasin (D:11)
  4 orc warriors
  4 sky beasts
  A slave (D:6)
  2 black bears
  3 ogres
  3 phantoms
  9 centaurs
  2 big kobolds (D:5)
  5 bullfrogs
  A water moccasin zombie (D:8)
  A wyvern skeleton (D:11)
  4 scorpions
  6 killer bees (D:10)
  3 howler monkeys
  12 wights
  4 crimson imps
  A bullfrog zombie (D:5)
  A jelly (D:5)
  4 orc priests
  6 hounds
  8 iguanas
  4 bullfrog skeletons
  A gnoll shaman (D:9)
  6 orc wizards
  7 worker ants
  12 gnolls
  14 adders
  4 shadow imps
  2 oozes
  2 adder zombies
  4 worms
  2 dart slugs
  5 leopard geckos
  35 orcs
  10 bats
  6 giant cockroaches
  38 goblins
  29 hobgoblins
  22 jackals
  2 quokkas
  4 ball pythons
  A ball python skeleton (D:5)
  4 frilled lizards
  15 kobolds
  A leopard gecko skeleton (D:5)
  7 rats
337 creatures vanquished.

Vanquished Creatures (collateral kills)
  A hill giant (D:11)
  Maurice (D:8)
  A two-headed ogre (D:7)
  An ogre (D:7)
  A bullfrog (D:11)
  A wight (D:9)
  A jelly (D:11)
  An orc wizard (D:11)
  An orc (D:11)
  A goblin (D:5)
  A leopard gecko zombie (D:8)
11 creatures vanquished.

Vanquished Creatures (others)
  2 slaves (D:6)
  2 centaurs
  An orc priest (D:6)
  An iguana (D:11)
  A shadow imp (D:6)
  A worm (D:6)
  A leopard gecko (D:6)
  An orc (D:6)
  A jackal (D:6)
11 creatures vanquished.

Grand Total: 359 creatures vanquished

Notes
Turn   | Place    | Note
-------+----------+-------------------------------------------
     0 | D:1      | Hybris the Minotaur Berserker began the quest for the Orb.
     0 | D:1      | Reached XP level 1. HP: 19/19 MP: 0/0
    85 | D:1      | Reached skill level 4 in Polearms
   291 | D:1      | Reached XP level 2. HP: 27/27 MP: 1/1
  1258 | D:2      | Reached XP level 3. HP: 23/33 MP: 2/2
  1747 | D:2      | Reached skill level 5 in Polearms
  1788 | D:2      | Reached XP level 4. HP: 30/41 MP: 3/3
  2130 | D:2      | Reached ** piety under Trog
  2341 | D:2      | Reached skill level 5 in Fighting
  3001 | D:3      | Reached skill level 6 in Polearms
  3001 | D:3      | Reached XP level 5. HP: 48/48 MP: 4/4
  3132 | D:3      | Reached *** piety under Trog
  3714 | D:3      | Reached skill level 7 in Polearms
  3714 | D:3      | Reached XP level 6. HP: 51/56 MP: 5/5
  4139 | D:4      | Found Kofihin's Antique Armour Shop.
  4190 | D:4      | Found a sacrificial altar of Ru.
  4365 | D:4      | Found a staircase to the Ecumenical Temple.
  4445 | D:4      | Found a shattered altar of Ashenzari.
  4445 | D:4      | Found an opulent altar of Gozag.
  4582 | D:5      | Entered Level 5 of the Dungeon
  4647 | D:5      | Noticed a sky beast
  4656 | D:5      | Killed a sky beast
  4656 | D:5      | Reached skill level 8 in Polearms
  4792 | D:5      | Reached XP level 7. HP: 63/63 MP: 6/6
  4812 | D:5      | Reached **** piety under Trog
  5034 | D:5      | Reached skill level 9 in Polearms
  5556 | D:5      | Reached skill level 10 in Polearms
  5556 | D:5      | Reached XP level 8. HP: 25/73 MP: 7/7
  5786 | D:5      | Reached ***** piety under Trog
  6603 | D:4      | Bought an ancient cloak for 275 gold pieces
  6608 | D:4      | Identified the +0 cloak "Osibab" {rElec rF++ MR- Slay+2} (You bought it in a shop on level 4 of the Dungeon)
  6679 | D:6      | Noticed Pikel
  6715 | D:6      | Killed Pikel
  6715 | D:6      | Reached skill level 11 in Polearms
  7062 | D:6      | Reached XP level 9. HP: 82/82 MP: 8/8
  7190 | D:6      | Reached skill level 12 in Polearms
  7556 | D:6      | Noticed Prince Ribbit
  7564 | D:6      | Killed Prince Ribbit
  8001 | D:6      | Found a snail-covered altar of Cheibriados.
  8168 | D:7      | Found a basalt altar of Yredelemnul.
  8279 | D:7      | Reached skill level 13 in Polearms
  8705 | D:8      | Found a staircase to the Lair.
  8705 | D:8      | Noticed an elephant
  8705 | D:8      | Noticed Erica
  8727 | D:7      | Killed Erica
  8727 | D:7      | Reached skill level 10 in Fighting
  8845 | D:8      | Noticed Maurice
  8849 | D:8      | Reached XP level 10. HP: 93/93 MP: 9/9
  8859 | D:8      | Killed Maurice
  8872 | D:7      | HP: 3/93 [wyvern (2)]
  8873 | D:7      | Reached skill level 14 in Polearms
  9283 | D:8      | Reached skill level 5 in Armour
  9354 | D:8      | Found Gonkello's Book Boutique.
  9982 | D:8      | Found Utest's General Store.
 10386 | D:8      | Killed an elephant
 11223 | D:8      | Found Emileihe's Jewellery Shoppe.
 11319 | D:8      | Found Ruavyze's Gadget Shoppe.
 11558 | D:8      | Found Juxtuqal's Distillery.
 11833 | D:9      | Found a sacrificial altar of Ru.
 12398 | D:9      | Reached skill level 15 in Polearms
 12565 | D:10     | Entered Level 10 of the Dungeon
 13099 | D:10     | Found a bloodstained altar of Trog.
 13420 | D:10     | Reached XP level 11. HP: 53/102 MP: 10/10
 14025 | D:11     | Noticed a hill giant
 14028 | D:11     | Noticed a hill giant
 14032 | D:11     | Killed a hill giant
 14043 | D:11     | Killed a hill giant
 14425 | D:11     | Noticed a hill giant
 14447 | D:11     | Killed a hill giant
 14609 | D:11     | Noticed a six-headed hydra
 14621 | D:11     | Slain by a nine-headed hydra

Skill      XL: |  1  2  3  4  5  6  7  8  9 10 |
---------------+-------------------------------+-----
Polearms       | 4 5 6 7 8 10 11 13 15 | 15.8
Fighting       | 4 5 6 7 8 10 11 | 11.7
Armour         | 3 7 |  7.6
Dodging        | |  2.7

Action                   |  1- 3 |  4- 6 |  7- 9 | 10-12 || total
-------------------------+-------+-------+-------+-------++-------
Melee: Spear             |    86 |   217 |   397 |    70 ||   770
       Headbutt          |     6 |    36 |    56 |    33 ||   131
       Halberd           |       |       |       |   203 ||   203
Invok: Berserk           |     1 |     4 |    12 |     9 ||    26
       Burn Spellbooks   |       |     1 |       |       ||     1
       Trog's Hand       |       |       |     3 |     1 ||     4
       Brothers in Arms  |       |       |     3 |     6 ||     9
Evoke: Wand              |       |       |       |     7 ||     7
  Use: Scroll            |     6 |     3 |       |     3 ||    12
       Potion            |     2 |       |       |     3 ||     5
 Stab: Sleeping          |     1 |     7 |     4 |     5 ||    17
       Distracted        |       |       |     2 |       ||     2
  Eat: Chunk             |     3 |    14 |    43 |    30 ||    90
Armor: Animal skin       |    14 |    22 |    26 |    30 ||    92
Dodge: Dodged            |    43 |    63 |   115 |   107 ||   328
